 Dungeon Crawl Stone Soup version 0.31.0-4-g52a2dc7128 (webtiles) character file.

Game seed: 209391379172891273

19952 Dirian the Cleaver (level 12, 0/107 HPs)
             Began as a Minotaur Fighter on Jan 21, 2024.
             Was a High Priest of Okawaru.
             Incinerated by a deep elf pyromancer (7 damage)
             ... with a pyre arrow
             ... on level 13 of the Dungeon.
             The game lasted 00:17:44 (10630 turns).

Dirian the Cleaver (Minotaur Fighter)              Turns: 10630, Time: 00:17:44

Health: 0/107      AC: 20    Str: 26    XL:     12   Next: 41%
Magic:  25/25      EV: 10    Int:  5    God:    Okawaru [*****.]
Gold:   850        SH:  0    Dex: 10    Spells: 11/11 levels left

rFire   + . .        G - +4 broad axe "Kar Kidu" {flame, Fly Will+ MP+9}
rCold   . . .        M - +0 kite shield
rNeg    . . .        F - +0 chain mail
rPois   .            (helmet restricted)
rElec   .            I - +0 cloak
rCorr   .            D - +0 pair of gloves
SInv    .            J - +1 pair of boots
Will    ++...        (no amulet) Stlth
                     i - ring of willpower
HPRegen 0.37/turn    K - ring of protection from fire
MPRegen 0.19/turn

%: no passive effects
@: confused, on fire, heroic, ambrosia-drunk, flying, glowing
A: horns 2, retaliatory headbutt
a: Renounce Religion, Heroism, Finesse, Duel


You were on level 13 of the Dungeon.
You worshipped Okawaru.
Okawaru was extremely pleased with you.
You visited 3 branches of the dungeon, and saw 17 of its levels.

You collected 850 gold pieces.

Inventory:

Hand Weapons
 G - the +4 broad axe "Kar Kidu" (weapon) {flame, Fly Will+ MP+9}
   (You acquired it on level 8 of the Dungeon)

   Will+:     It increases your willpower.
   MP+9:      It affects your magic capacity (+9).
   Fly:       It grants you flight.
Missiles
 m - 12 boomerangs (quivered)
 C - 3 throwing nets
Armour
 D - a +0 pair of gloves (worn)
 F - a +0 chain mail (worn)
 I - a +0 cloak (worn)
 J - a +1 pair of boots (worn)
 M - a +0 kite shield (worn)
Jewellery
 i - a ring of willpower (left hand)
 u - a +4 ring of protection
 y - a ring of positive energy
 A - the ring "Dadghum" {Str+3 Int+6 Stlth+}
   (You took it off a hobgoblin on level 5 of the Dungeon)

   [ring of intelligence]

   Str+3:     It affects your strength (+3).
   Int+6:     It affects your intelligence (+6).
   Stlth+:    It makes you more stealthy.
 K - a ring of protection from fire (right hand)
Wands
 a - a wand of mindburst (6)
 c - a wand of polymorph (7)
 s - a wand of iceblast (16)
 v - a wand of digging (7)
 E - a wand of quicksilver (6)
Scrolls
 b - a scroll of enchant weapon
 f - 3 scrolls of brand weapon
 l - a scroll of vulnerability
 r - 2 scrolls of identify
 t - 2 scrolls of teleportation
 B - 3 scrolls of revelation
 H - a scroll of immolation
 L - a scroll of noise {unknown}
Potions
 d - 3 potions of might
 e - 3 potions of lignification
 g - 3 potions of enlightenment
 h - 4 potions of haste
 j - a potion of magic
 k - 2 potions of mutation
 n - a potion of resistance
 o - a potion of brilliance
 p - 5 potions of invisibility
 q - 7 potions of curing
 z - 2 potions of cancellation


   Skills:
 + Level 10.3(15.3) Fighting
 - Level 14.1(19.1) Axes
 * Level 7.1(12.1) Throwing
 + Level 11.6(16.6) Armour
 + Level 8.6(13.6) Shields
 * Level 7.3 Invocations


You had 11 spell levels left.
You didn't know any spells.
Your spell library contained the following spells:

 Spells                   Type           Power      Damage    Failure   Level
 Apportation              Tloc           0%         N/A       94%         1
 Magic Dart               Conj           0%         1d3       94%         1
 Blink                    Tloc           0%         N/A       98%         2
 Jinxbite                 Hex            0%         N/A       98%         2
 Gell's Gravitas          Tloc           0%         N/A       100%        3
 Inner Flame              Hex/Fire       0%         N/A       100%        3
 Teleport Other           Tloc           0%         N/A       100%        3
 Dimensional Bullseye     Hex/Tloc       0%         N/A       100%        4
 Flame Wave               Conj/Fire      0%         2d4       100%        4
 Sticky Flame             Fire/Alch      0%         2d4       100%        4
 Yara's Violent Unravell  Hex/Alch       0%         3d3       100%        5
 Dispersal                Tloc           0%         N/A       100%        6
 Enfeeble                 Hex            0%         N/A       100%        7
 Call Imp                 Summ           Unusable   N/A       N/A         2
 Malign Gateway           Summ/Tloc      Unusable   N/A       N/A         7

Dungeon Overview and Level Annotations

Branches:
Dungeon (15/15) Zot: 26566  Temple (1/1) D:5 Zot: 5945    Lair (1/5) D:11 Zot: 5969
    Orc (0/2) D:9          Depths (0/4) D:15
 Vaults: D:13-14

Altars:
Ashenzari
Cheibriados
Dithmenos
Elyvilon
Fedhas
Gozag
Hepliaklqana
Kikubaaqudgha
Makhleb
Nemelex Xobeh
Okawaru
Qazlal
Ru
Sif Muna
Uskayaw
Vehumet
Wu Jian
Xom
Yredelemnul
Zin
The Shining One

Shops:
D:7 *

Annotations:
D:4 1 runed translucent door, Crazy Yiuf


Innate Abilities, Weirdness & Mutations

You have a pair of horns on your head.
You reflexively headbutt those who attack you in melee.


Message History

Things that are here:
a +0 long sword; the sphere of Battle You are on fire!
You are on fire!
You are on fire!
Okay, then.
The liquid fire burns you! The liquid fire burns you!
* * * LOW HITPOINT WARNING * * *
You feel better. The liquid fire burns you!
* * * LOW HITPOINT WARNING * * *
The liquid fire burns you!
* * * LOW HITPOINT WARNING * * *
You feel much better. The liquid fire burns you!
* * * LOW HITPOINT WARNING * * *
Okay, then.
You're wearing all the rings you can.
Remove which one? (? for menu, Esc to cancel) < or
i - a ring of willpower; > or
u - a +4 ring of protection You remove your +4 ring of protection.
The liquid fire burns you!
* * * LOW HITPOINT WARNING * * *
K - a ring of protection from fire (right hand)
The liquid fire burns you!
* * * LOW HITPOINT WARNING * * *
You feel better. The liquid fire burns you!
* * * LOW HITPOINT WARNING * * *
You are confused.
You feel invigorated. The liquid fire burns you!
* * * LOW HITPOINT WARNING * * *
The liquid fire burns you!
* * * LOW HITPOINT WARNING * * *
The liquid fire burns you!
* * * LOW HITPOINT WARNING * * *
The liquid fire burns you!
You die...

.........##...#
..........#...# ####
............. ###...##.
..........# ##.....#..
##.......#
.........###........# .
..........###.....# ..#
............##.....#..#
..##........@.........#
#..........#.......#...#
#........###.....# ..#
##.......##...#......#
#.....#####..##.....#
###....####........#...
#.......#.##########...
.................♣..##..
#..............^.....#


There were no monsters in sight!

Vanquished Creatures
  A rakshasa (D:13)
  Erolcha (D:9)
  Harold (D:11)
  A centaur warrior (D:13)
  2 dancing weapons (D:13)
  3 two-headed ogres
  The ghost of lugworm the Cleaver, a novice HORe of Trog (D:7)
  A deep elf pyromancer (D:13)
  3 cyclopes
  3 manticores
  3 cane toads (Lair:1)
  Maggie (D:7)
  2 rime drakes
  An unseen horror (D:7)
  2 kobold demonologists
  A troll (D:12)
  A polar bear (D:11)
  5 slime creatures (D:13)
  Sigmund (D:4)
  A shadow (D:10)
  8 yaks
  3 wyverns
  Eustachio (D:6)
  A steam dragon (D:8)
  Menkaure (D:4)
  5 vampire mosquitoes (D:11)
  2 acid dragons
  A swamp drake (D:9)
  5 ice beasts
  2 sky beasts
  2 black bears
  2 ogres (D:5)
  7 orc warriors
  A wolf (D:11)
  4 centaurs
  3 phantoms
  4 kobold brigands
  A gnoll sergeant (D:10)
  3 bullfrogs
  A scorpion (D:4)
  8 wights
  5 killer bees
  2 howler monkeys
  A bombardier beetle (D:5)
  2 hounds
  2 jellies
  6 orc priests
  2 gnoll boudas
  Jessica (D:2)
  A sleepcap (D:7)
  An iguana (D:7)
  5 orc wizards
  25 gnolls
  5 adders
  2 white imps
  4 ufetubi (D:6)
  A dart slug (D:3)
  A ribbon worm (D:4)
  38 orcs
  3 endoplasms
  A giant cockroach (D:1)
  42 goblins
  31 hobgoblins
  3 jackals (D:2)
  2 quokkas (D:1)
  4 ball pythons
  4 bats
  3 frilled lizards
  21 kobolds
  3 rats
321 creatures vanquished.

Vanquished Creatures (others)
  An orc priest (D:10)
  2 orc wizards (D:10)
3 creatures vanquished.

Grand Total: 324 creatures vanquished

Notes
Turn   | Place    | Note
-------+----------+-------------------------------------------
     0 | D:1      | Dirian the Minotaur Fighter began the quest for the Orb.
     0 | D:1      | Reached XP level 1. HP: 19/19 MP: 0/0
   130 | D:1      | Reached XP level 2. HP: 25/27 MP: 1/1
   367 | D:1      | Found a faded altar of an unknown god.
   552 | D:2      | Reached XP level 3. HP: 31/33 MP: 2/2
   666 | D:2      | Got the Volume of Distance
   725 | D:2      | Reached skill level 3 in Axes
   862 | D:2      | Noticed Jessica
   865 | D:2      | Killed Jessica
   866 | D:2      | Reached XP level 4. HP: 40/40 MP: 3/3
  1063 | D:3      | Found a shimmering altar of Xom.
  1223 | D:3      | Reached skill level 4 in Axes
  1567 | D:3      | Reached XP level 5. HP: 45/47 MP: 4/4
  1748 | D:4      | Reached skill level 5 in Armour
  1987 | D:4      | Noticed Menkaure
  1992 | D:4      | Killed Menkaure
  1993 | D:4      | Reached skill level 5 in Axes
  1993 | D:4      | Reached XP level 6. HP: 49/55 MP: 5/5
  2191 | D:4      | Found a runed translucent door.
  2192 | D:4      | Noticed Crazy Yiuf
  2298 | D:4      | Noticed Sigmund
  2309 | D:4      | Killed Sigmund
  2310 | D:4      | Reached skill level 5 in Fighting
  2310 | D:4      | Reached skill level 6 in Axes
  2310 | D:4      | Reached XP level 7. HP: 55/61 MP: 6/6
  2396 | D:5      | Entered Level 5 of the Dungeon
  2604 | D:5      | Reached skill level 7 in Axes
  2738 | D:5      | Found a staircase to the Ecumenical Temple.
  2744 | Temple   | Entered the Ecumenical Temple
  2771 | Temple   | Became a worshipper of Warmaster Okawaru
  2904 | D:5      | Reached skill level 5 in Shields
  3104 | D:5      | Identified the ring "Dadghum" {Str+3 Int+6 Stlth+}
  3105 | D:5      | Reached skill level 8 in Axes
  3105 | D:5      | Reached XP level 8. HP: 63/69 MP: 7/7
  3605 | D:5      | Found a radiant altar of Vehumet.
  3608 | D:5      | Found a glowing golden altar of the Shining One.
  3647 | D:5      | Reached skill level 9 in Axes
  3934 | D:6      | Reached * piety under Okawaru
  4337 | D:6      | Reached skill level 10 in Axes
  4603 | D:6      | Reached ** piety under Okawaru
  4604 | D:6      | Reached XP level 9. HP: 78/78 MP: 8/8
  4676 | D:6      | Noticed Eustachio
  4696 | D:6      | Killed Eustachio
  4984 | D:7      | Noticed Maggie
  4998 | D:7      | Killed Maggie
  4999 | D:7      | Reached skill level 1 in Throwing
  4999 | D:7      | Reached skill level 1 in Invocations
  5002 | D:7      | Reached skill level 11 in Axes
  5429 | D:7      | Found a runed translucent gate.
  5430 | D:7      | Found a runed translucent gate.
  5430 | D:7      | Noticed lugworm's ghost (novice HORe)
  5431 | D:7      | Found a runed translucent gate.
  5483 | D:7      | Reached *** piety under Okawaru
  5554 | D:7      | Found Hiasione's Fire Supplies.
  5618 | D:7      | Killed an unseen horror
  6036 | D:7      | Killed lugworm's ghost
  6050 | D:7      | Reached XP level 10. HP: 73/86 MP: 9/11
  6244 | D:8      | Reached skill level 12 in Axes
  6248 | D:8      | Reached **** piety under Okawaru
  6597 | D:8      | Found a burning altar of Makhleb.
  6597 | D:8      | Noticed a blizzard demon
  6774 | D:8      | Identified a scroll of acquirement
  6774 | D:8      | Acquired the +4 broad axe "Kar Kidu" {flame, Fly Will+
                  | MP+9}
  6850 | D:9      | Noticed Erolcha
  6863 | D:9      | Killed Erolcha
  7045 | D:9      | Noticed a manticore
  7050 | D:9      | Killed a manticore
  7265 | D:9      | Found a stormy altar of Qazlal.
  7265 | D:9      | Noticed a two-headed ogre
  7272 | D:9      | Killed a two-headed ogre
  7274 | D:9      | Reached skill level 13 in Axes
  7602 | D:9      | Found a staircase to the Orcish Mines.
  7699 | D:9      | Reached XP level 11. HP: 92/93 MP: 13/13
  7846 | D:10     | Entered Level 10 of the Dungeon
  7848 | D:10     | Noticed a two-headed ogre
  7854 | D:10     | Killed a two-headed ogre
  7855 | D:10     | Reached skill level 5 in Invocations
  7993 | D:10     | Reached skill level 5 in Throwing
  8433 | D:10     | Found a glowing silver altar of Zin.
  8433 | D:10     | Found a hazy altar of Hepliaklqana.
  8671 | D:11     | Noticed Harold
  8677 | D:11     | Noticed a two-headed ogre
  8679 | D:11     | Reached ***** piety under Okawaru
  8689 | D:11     | Killed Harold
  8690 | D:11     | Reached skill level 14 in Axes
  8690 | D:11     | Reached skill level 10 in Armour
  8694 | D:11     | Killed a two-headed ogre
  9104 | D:11     | Received a gift from Okawaru
  9265 | D:11     | Found a staircase to the Lair.
  9500 | Lair:1   | Entered Level 1 of the Lair of Beasts
  9975 | D:12     | Reached XP level 12. HP: 38/106 MP: 16/16
 10170 | D:12     | You are sucked into a shaft and drop 3 floors!
 10170 | D:15     | Entered Level 15 of the Dungeon
 10378 | D:13     | Received a gift from Okawaru
 10378 | D:13     | Noticed a centaur warrior
 10385 | D:13     | Killed a centaur warrior
 10385 | D:13     | Noticed a rakshasa
 10386 | D:13     | Reached skill level 10 in Fighting
 10401 | D:13     | Killed a rakshasa
 10622 | D:13     | HP: 5/107 [burnt (15)]
 10628 | D:13     | HP: 5/107 [burnt (7)]
 10629 | D:13     | HP: 2/107 [burnt (7)]
 10630 | D:13     | Incinerated by a deep elf pyromancer

Illustrated notes

Levels and vault maps discovered:
D:1:      saegor_arrival_simple_d, layout_basic,
          dreamdust_ecumenical_altar_angels_and_demons
D:2:      kennysheep_the_goblin_king, layout_rooms,
          minmay_misc_feat_four_crosses, uniq_jessica
D:3:      layout_rooms, lemuel_doored_altar, st_stairs_11
D:4:      layout_basic, chequers_serial_rivers_small_b,
          nicolae_elevator_lobby_asterisk, uniq_menkaure, uniq_sigmund,
          uniq_crazy_yiuf_cottage
D:5:      minmay_goblin_kobold_castle, layout_loops_ring,
          nicolae_overflow_hidden_temple, minmay_temple_entry_gardened_gates
D:6:      layout_loops_corners, uniq_eustachio
D:7:      layout_rooms, biasface_ghost_orc_armoury, interstate_on_off,
          hangedman_abyss_or_decor_slice, nicolae_shop_fire_sale
          [nicolae_sub_dead_trees], uniq_maggie
D:8:      layout_basic, makhleb_altar_promises_db
D:9:      layout_basic, grunt_qazlal_clouds, erik_orc_1, uniq_erolcha
D:10:     layout_cave_pools, gammafunk_temple_overflow_pools
D:11:     layout_basic, hellmonk_lair_entry_icy, uniq_harold
D:12:     layout_rooms, nicolae_custom_books, mrwooster_statue_mirror,
          zin_statuary
D:13:     regret_index_nemelex_summoning_deck_glade, layout_cave_pools,
          gammafunk_ghost_wrathful_warriors, nicolae_dithmenos_the_darkroom
D:14:     layout_irregular_city, lightli_vaults_fourway_checkpoint,
          kennysheep_another_room, gammafunk_ghost_arena, bloody_trog,
          uniq_jorgrun
D:15:     gammafunk_depths_entry_grave, layout_basic,
          ashenzari_conservatory_becter, ebering_ghost_funeral_grove,
          grunt_potential
Temple:   dpeg_chambers_temple
Lair:1:   lemuel_slime, layout_cave_shapes

Skill      XL: |  1  2  3  4  5  6  7  8  9 10 11 12 |
---------------+-------------------------------------+-----
Armour         | 4 5 6 7 8 9 10 11 | 11.6
Fighting       | 4 5 6 7 8 9 10 | 10.3
Shields        | 4 5 6 7 8 |  8.6
Axes           | 3 4 5 6 8 10 11 13 14 | 14.1
Throwing       | 3 4 6 7 |  7.1
Invocations    | 3 4 6 7 |  7.3

Action                     |  1- 3 |  4- 6 |  7- 9 | 10-12 || total
---------------------------+-------+-------+-------+-------++-------
  Melee: War axe           |    66 |    61 |   273 |    47 ||   447
         Headbutt          |     6 |     6 |    35 |    51 ||    98
         Broad axe         |       |       |       |   258 ||   258
  Throw: Boomerang         |       |       |       |     9 ||     9
 Invoke: Heroism           |       |       |     4 |    10 ||    14
    Use: Scroll            |       |     7 |     8 |     9 ||    24
         Potion            |       |       |       |     5 ||     5
 Armour: Scale mail        |    45 |    42 |   263 |     6 ||   356
         Chain mail        |       |       |       |   255 ||   255
  Dodge: Dodged            |    36 |    29 |   158 |    98 ||   321
  Block: Buckler           |    19 |    19 |    87 |    37 ||   162
         Kite shield       |       |       |       |    67 ||    67
